Description

Dehaka is so much fun to play and if you can micro well he will never die and can solo any attack wave. Call downs are the best for clearing bases as they have good AOE and good sustained dps. Always be on the look out out psychic units because if you eat them you will get a super powerful AOE attack. Make sure to get your call downs asap and then transition into Mutas.

VOD

https://youtu.be/oCbfTnmNKUw

Replay - Dehaka Best Build [Easy Expo]

Build Order

Get SALT Encoding   

  18  0:06  Primal Drone  
  19  0:13  Primal Drone  
  19  0:18  Primal Drone  
  21  0:25  Primal Drone  
  22  0:34  Primal Drone  
  23  0:40  Extractor  
  23  1:03  Primal Warden  
  24  1:10  Primal Drone x2  
  26  1:20  Extractor  
  26  1:31  Primal Drone  
  27  1:41  Primal Drone  
  28  2:10  Primal Zergling  
  28  2:11  Glevig's Den  
  28  2:30  Primal Zergling  
  29  3:33  Primal Drone  
  33  3:56  Murvar's Den  
  37  4:02  Primal Hive  
  43  5:13  Primal Warden  
  44  5:37  Primal Warden x3  
  47  5:42  Extractor x2  
  50  6:07  Dakrun's Den  
  63  7:44  Primal Carapace Level 1, Primal Attacks Level 1  
  63  7:49  Slicing Glave  
  66  8:39  Primal Hydralisk x9  
  68  8:49  Shifting Carapace  
  90  9:49  Primal Reconstitution  
Spawning Tool Build Advisor. Get it on Overwolf

Go to:

Details

  • Created by: hunter      
  • Published on: Jul 06, 2018
  • Modified on: Jul 18, 2018
  • Patch: 4.0.0
  • Difficulty: Easy
Show
View Real Time Build Order
Export as new Build Order

Comments (0)

There are no comments. Be the first!

Create an account to comment!